 Dungeon Crawl Stone Soup version 0.30-a0-726-gd89dcf765f (webtiles) character file.

Game seed: 11299397655177111779

16135 zeratav the Fighter (level 12, -13/95 HPs)
             Began as a Djinni Conjurer on Jan 28, 2023.
             Was an Initiate of Ashenzari.
             Killed from afar by Fannar (15 damage)
             ... with a bolt of cold
             ... on level 12 of the Dungeon on Jan 29, 2023.
             The game lasted 00:31:22 (12780 turns).

zeratav the Fighter (Djinni Conjurer)              Turns: 12780, Time: 00:31:23

Health: -13/95     AC: 17    Str: 12    XL:     12   Next: 66%
Gold:   1330       EV:  7    Int: 40    God:    Ashenzari [......] SH:  0 Dex: 15

rFire   + + +      SeeInvis .    N - +1 scimitar "Taakut" {heavy, rF+ rC+ Dex+3, long}
rCold   . . .      Faith    .    (no shield)
rNeg    . . .      Spirit   .    e - +5 chain mail of the Swan {Int+6}
rPois   ∞          Reflect  .    D - +2 helmet {Int+3}
rElec   .          Harm     .    (no cloak)
rCorr   .          Rampage  .    (no gloves)
Will    +....                    (boots unavailable) Stlth
                                 (no amulet)
HPRegen 0.35/turn                u - ring of Ashenzari's Boredom {Str+6, Evo, Self} (curse)
MPRegen 0.00/turn                z - +6 ring of intelligence

@: flying, very slightly contaminated
A: sickness immunity, fire resistance 2, cold vulnerability 1, float, innate
caster, HP casting, extra vitality 1
a: Renounce Religion, Curse Item, Shatter the Chains


You were on level 12 of the Dungeon.
You worshipped Ashenzari.
Ashenzari was noncommittal.
You visited 2 branches of the dungeon, and saw 13 of its levels.
You also visited: Bailey.

You collected 1350 gold pieces.
You spent 20 gold pieces at shops.


Innate Abilities, Weirdness & Mutations

You are immune to sickness and miasma.
You are immune to poison.
Your flesh is very heat resistant. (rF++)
You are vulnerable to cold. (rC-)
You float through the air rather than walking.
You learn spells naturally, not from books.
Your magical power is your life essence.
You have superior vitality. (+4 MHP)


   Skills:
 * Level 11.8(12.2) Fighting
 + Level 3.8 Armour
 + Level 4.8 Dodging
 + Level 3.9 Stealth
 * Level 11.6(12.0) Spellcasting


You had 7 spell levels left.
You knew the following spells:

 Your Spells              Type           Power      Damage    Failure   Level
a - Magic Dart            Conj           100%       1d8       1%          1
b - Searing Ray           Conj           100%       2d8       1%          2
c - Call Canine Familiar  Summ           88%        N/A       1%          3
d - Fulminant Prism       Conj/Hex       44%        3d19      3%          4
e - Iskenderun's Mystic   Conj/Tloc      88%        2d17      3%          4
f - Summon Small Mammal   Summ           100%       N/A       1%          1
g - Ensorcelled Hibernat  Hex/Ice        100%       N/A       1%          2
h - Dazzling Flash        Conj/Hex       100%       N/A       1%          3
i - Vhi's Electric Charg  Tloc/Air       100%       N/A       1%          3
j - Arcjolt               Conj/Air       44%        1d54      10%         5
Your spell library was empty.

Inventory:

Hand Weapons
 G - the +10 trident of the Cursing Augurer {vamp, Dex+3, polearm}
   (You found it on level 10 of the Dungeon)

   Dex:       It affects your dexterity (+3).
 N - the +1 scimitar "Taakut" (weapon) {heavy, rF+ rC+ Dex+3, long}
   (You found it on level 9 of the Dungeon)

   Dex:       It affects your dexterity (+3).
   rF:        It protects you from fire.
   rC:        It protects you from cold.
Armour
 e - the +5 chain mail of the Swan (worn) {Int+6}
   (You found it on level 7 of the Dungeon)

   Int:       It affects your intelligence (+6).
 D - a +2 helmet of intelligence (worn)
   (You found it in a bailey)
 E - a +1 robe of cold resistance
   (You took it off Pikel on level 5 of the Dungeon)
 P - +0 acid dragon scales
   (You found it on level 11 of the Dungeon)
Jewellery
 u - the cursed ring of Ashenzari's Boredom (left hand) {Str+6, Evo, Self}
   (You found it on level 3 of the Dungeon)

   [ring of strength]

   Str:       It affects your strength (+6).
   It has a curse which improves the following skills: Evocations: Evocations.
   Introspection: Fighting and Spellcasting.
 w - a ring of positive energy
   (You found it on level 3 of the Dungeon)
 z - a +6 ring of intelligence (right hand)
   (You found it on level 4 of the Dungeon)
 H - a ring of protection from fire
   (You found it on level 8 of the Dungeon)
 I - a ring of positive energy
   (You found it on level 6 of the Dungeon)
 O - a +6 ring of strength
   (You found it on level 11 of the Dungeon)
Wands
 r - a wand of digging (7)
   (You found it on level 8 of the Dungeon)
 t - a wand of charming (12)
   (You found it on level 3 of the Dungeon)
 K - a wand of polymorph (4)
   (You took it off a gnoll on level 9 of the Dungeon)
 L - a wand of flame (18)
   (You found it on level 9 of the Dungeon)
Scrolls
 a - a scroll of vulnerability {!r!r}
 b - 5 scrolls of identify {@r1}
 c - 4 scrolls of poison
 f - 5 scrolls of teleportation {@r4}
 j - a scroll of torment {!r}
 l - 3 scrolls of butterflies
 m - 4 scrolls of blinking {!r}
 n - a scroll of fog
 o - a scroll of brand weapon
 q - 2 scrolls of silence {!r}
 v - 3 scrolls of enchant weapon
 y - a scroll of immolation {!r!r}
 J - a scroll of magic mapping {!r}
Potions
 d - 4 potions of brilliance
 g - 8 potions of curing {@q1}
 h - 2 potions of ambrosia
 i - 2 potions of cancellation
 k - a potion of resistance
 s - 5 potions of mutation {!q}
 x - 3 potions of heal wounds {@q2}
 A - a potion of berserk rage {!q}
 B - 3 potions of might
 C - a potion of attraction {!q}
 F - 2 potions of lignification {!q}
 M - 2 potions of flight

Dungeon Overview and Level Annotations

Branches:
Dungeon (12/15) Zot: 26693  Temple (1/1) D:5 Zot: 5888    Lair (0/5) D:9
    Orc (0/2) D:11         Bailey (visited)

Altars:
Ashenzari
Cheibriados
Dithmenos
Elyvilon
Fedhas
Gozag
Hepliaklqana
Makhleb
Nemelex Xobeh
Okawaru
Qazlal
Ru
Trog
Uskayaw
Wu Jian
Xom
Yredelemnul
Zin
The Shining One

Shops:
D:4 *:

Annotations:
D:2 1 runed translucent door, Crazy Yiuf
D:4 exclusions: black bear and ogre
D:12 Fannar

#.# #..... #.#
#...... #.#
#>.... #.#
#....# #.#
#....#
#.#####....#
#.##..bbb..#
#......b...#
#....bbb@..###
#.b..b..b....#
#..b...#####.#
#b.eb.b# #
#..b...#
###....#
#..b.#
#.b..####
#........


You could see Fannar (ally target).


Message History

The ice beast disappears in a puff of smoke!
The blast of energy engulfs Fannar!
The blast of energy engulfs the wraith!!
You hear a bellow! x2; You hear a shout!
HP[+1]
You hear a bellow! x2
The deep elf pyromancer gestures wildly while chanting.
The deep elf pyromancer blinks!
HP[+1] Fannar points at you and mumbles some strange words.
The bolt of cold hits you!
HP[-17]
You take 17 damage, and now have 60/95 hp.
Your warg bites Fannar!
Something hits your warg. Something drains your warg's vigour!
Your warg seems to slow down.
Casting: Call Canine Familiar (safe; 1% risk of failure)
Confirm with . or Enter, or press ? or * to list all spells.
Your warg disappears in a puff of smoke!
Fannar casts a spell.
Fannar drains the heat from the surrounding environment!
The wraith resists.
The wraith is destroyed!
HP[-12]
You take 12 damage, and now have 48/95 hp.
You swap places.
Fannar points at you and mumbles some strange words.
The bolt of cold hits your warg!!!
Your warg dies!
Your warg's corpse disappears in a puff of smoke!
The bolt of cold hits you!!
* * * LOW HITPOINT WARNING * * *
HP[-27]
You take 27 damage, and now have 21/95 hp.
MASSIVE DAMAGE!! (PAUSE) Fannar gestures wildly while chanting.
Fannar drains the heat from the surrounding environment!
* * * LOW HITPOINT WARNING * * *
HP[-20]
You take 20 damage, and now have 1/95 hp.
MASSIVE DAMAGE!! (PAUSE) Read: 4 scrolls of butterflies
Press: ? - help, Q - select action, (/) - cycle Dir - look around, f - activate
As you read the scroll of butterflies, it crumbles to dust.
You hear the flapping of tiny wings.
HP[+1]
You swap places.
Fannar closely misses your butterfly.
You swap places.
You swap places.
HP[+1]
You swap places.
You swap places.
Fannar casts a spell.
Fannar blinks!
You swap places.
Fannar casts a spell at you. The bolt of cold hits your butterfly!!
Your butterfly dies!
Your butterfly disappears in a burst of colours!
The bolt of cold hits your butterfly!!
Your butterfly dies!
Your butterfly disappears in a burst of colours!
The bolt of cold misses you.
HP[+1]
You swap places.
Fannar hits your butterfly with a +0 quarterstaff of freezing!
Fannar freezes your butterfly.
Your butterfly dies!
Your butterfly disappears in a burst of colours!
You swap places.
HP[+1]
You swap places.
Some snowflakes condense on Fannar.
Fannar mumbles some strange words.
Fannar blinks!
Casting: Call Canine Familiar (safe; 1% risk of failure)
Confirm with . or Enter, or press ? or * to list all spells.
Aiming: Fulminant Prism (dangerous; 3% risk of failure)
Press: ? - help, Dir - move target You miscast Fulminant Prism.
You are very lightly contaminated with residual magic.
Nothing appears to happen.
* * * LOW HITPOINT WARNING * * *
HP[-4]
You take 4 damage, and now have 1/95 hp.
You hear the deafening beating of a distant drum.
Fannar hits your butterfly with a +0 quarterstaff of freezing!
Fannar freezes your butterfly.
Your butterfly dies!
Your butterfly disappears in a burst of colours!
HP[+1] Fannar casts a spell at you. The bolt of cold hits your butterfly!!!
Your butterfly dies!
Your butterfly disappears in a burst of colours!
The bolt of cold hits your butterfly!
Your butterfly dies!
Your butterfly disappears in a burst of colours!
The bolt of cold hits you!
You die...

Skill      XL: |  1  2  3  4  5  6  7  8  9 10 11 12 |
---------------+-------------------------------------+-----
Spellcasting   | 4 5 7 8 9 10 11 | 11.6
Fighting       | 4 7 9 11 | 11.8
Armour         | 2 3 |  3.8
Stealth        | 2 3 |  3.9
Dodging        | 3 4 |  4.8

Action                     |  1- 3 |  4- 6 |  7- 9 | 10-12 || total
---------------------------+-------+-------+-------+-------++-------
  Melee: Whip              |       |    10 |     2 |       ||    12
         Dagger            |       |       |     5 |     4 ||     9
         Punch             |       |       |     1 |       ||     1
         Scimitar          |       |       |       |     1 ||     1
   Cast: Magic Dart        |    72 |   122 |    26 |    11 ||   231
         Searing Ray       |       |     3 |     4 |       ||     7
         Call Canine Famil |       |       |    19 |    34 ||    53
         Fulminant Prism   |       |       |    25 |   114 ||   139
         Iskenderun's Myst |       |       |       |    14 ||    14
 Invoke: Curse Item        |       |       |     2 |     1 ||     3
         Shatter the Chain |       |       |       |     2 ||     2
    Use: Scroll            |       |       |     5 |     2 ||     7
 Armour: Robe              |       |    10 |     1 |       ||    11
         Steam dragon scal |       |       |     2 |    10 ||    12
         Chain mail        |       |       |       |    17 ||    17
  Dodge: Dodged            |     6 |    15 |    27 |    24 ||    72

Levels and vault maps discovered:
D:1:      dpeg_arrival_pond, layout_rooms,
          nicolae_concentric_dashed_squares_wild
D:2:      kb_forest_paths, layout_basic, basic_altar, uniq_crazy_yiuf_cottage
D:3:      layout_loops_cross
D:4:      layout_basic, kennysheep_mini_moat, serial_shops, kennysheep_mini,
          nicolae_shop_clearance
D:5:      layout_basic, nzn_wu_jian_contemplation,
          minmay_temple_entry_offerings, serial_curves, eino_curves_03,
          eino_curves_01, eino_curves_03, eino_curves_01, uniq_pikel
D:6:      layout_basic, nicolae_overflow_hidden_temple, slow_altar_2,
          uniq_maggie, uniq_duvessa
D:7:      layout_loops_ring, minmay_overflow_temple_star_quad, enter_bailey_5,
          kennysheep_generic_room_2
D:8:      layout_layer_cave, gammafunk_temple_overflow_statue, minmay_between
D:9:      dragon1_lemuel, layout_basic, mainiacjoe_overflow_alcove_1,
          erik_lair_orcish_takeover
D:10:     layout_layer_cave, minmay_stone_trees_large
D:11:     layout_roguey, david_orc_2, uniq_psyche, uniq_lodul, uniq_snorg
D:12:     layout_irregular_city, serial_shops, shop, serial_undead,
          serial_undead_a, serial_undead_a, serial_undead_d, serial_undead_d,
          gauntlet_entry_generic, uniq_fannar
Temple:   nicolae_temple_godzebo

Notes
Turn   | Place    | Note
-------+----------+-------------------------------------------
     0 | D:1      | zeratav the Djinni Conjurer began the quest for the Orb.
     0 | D:1      | zeratav set off with the following spells memorised: Magic
                  | Dart, Searing Ray, Dazzling Flash, Fulminant Prism,
                  | Iskenderun's Mystic Blast.
     0 | D:1      | Reached XP level 1. HP: 15/15 MP: 0/0
     0 | D:1      | magus.rc [v1.9.6]
   175 | D:1      | Reached XP level 2. HP: 20/21 MP: 0/0
   685 | D:2      | Reached XP level 3. HP: 23/25 MP: 0/0
   685 | D:2      | Learned a level 1 spell: Summon Small Mammal
   781 | D:2      | Reached skill level 4 in Spellcasting
   799 | D:2      | Found a runed translucent door.
   800 | D:2      | Noticed Crazy Yiuf
   929 | D:2      | Found a glowing golden altar of the Shining One.
  1148 | D:2      | Reached XP level 4. HP: 27/31 MP: 0/0
  1916 | D:3      | Reached XP level 5. HP: 32/35 MP: 0/0
  1916 | D:3      | Learned a level 2 spell: Ensorcelled Hibernation
  2340 | D:4      | Found a glowing golden altar of the Shining One.
  2416 | D:4      | Reached skill level 5 in Spellcasting
  2599 | D:4      | Noticed a black bear
  2605 | D:4      | Noticed an ogre
  2617 | D:4      | Found Siorogop's CLEARANCE SALE!.
  2625 | D:4      | Bought a potion of might for 20 gold pieces
  2693 | D:4      | HP: 8/35 [something (2)]
  2951 | D:4      | Found Fobu's Book Boutique.
  3064 | D:5      | Entered Level 5 of the Dungeon
  3082 | D:5      | Reached XP level 6. HP: 15/40 MP: 0/0
  3392 | D:5      | Found an ornate altar of the Wu Jian Council.
  3467 | D:5      | Noticed Pikel
  3481 | D:5      | Killed Pikel
  3482 | D:5      | Reached skill level 7 in Spellcasting
  3482 | D:5      | Reached XP level 7. HP: 20/45 MP: 0/0
  3482 | D:5      | Learned a level 3 spell: Call Canine Familiar
  3482 | D:5      | Reached XP level 8. HP: 22/50 MP: 0/0
  3739 | D:5      | Reached skill level 1 in Fighting
  3899 | D:5      | Found a staircase to the Ecumenical Temple.
  3992 | Temple   | Entered the Ecumenical Temple
  4078 | Temple   | Became a worshipper of Ashenzari the Shackled
  4187 | D:6      | Reached skill level 2 in Fighting
  4291 | D:6      | Noticed Maggie
  4302 | D:6      | Found a white marble altar of Elyvilon.
  4310 | D:6      | Killed Maggie
  4311 | D:6      | Reached skill level 3 in Fighting
  4618 | D:6      | Found a snail-covered altar of Cheibriados.
  4812 | D:6      | Noticed Dowan
  4815 | D:6      | Noticed Duvessa
  4819 | D:6      | Killed Dowan
  4820 | D:6      | Reached skill level 4 in Fighting
  4825 | D:6      | Killed Duvessa
  4826 | D:6      | Reached skill level 8 in Spellcasting
  4826 | D:6      | Reached XP level 9. HP: 29/63 MP: 0/0
  4826 | D:6      | Learned a level 3 spell: Vhi's Electric Charge
  5061 | D:6      | Identified the +1 hand axe "Ittu" {protect, rF- Int+4}
  5232 | D:7      | Identified the +5 chain mail of the Swan {Int+6}
  5236 | D:7      | You are sucked into a shaft and drop 3 floors!
  5236 | D:10     | Entered Level 10 of the Dungeon
  5331 | D:10     | Reached skill level 5 in Fighting
  5474 | D:7      | Found a flagged portal.
  5488 | Bailey   | Entered a bailey
  5663 | Bailey   | Reached * piety under Ashenzari
  6010 | D:7      | Reached skill level 6 in Fighting
  6307 | D:7      | Reached skill level 9 in Spellcasting
  6471 | D:7      | Reached skill level 7 in Fighting
  6471 | D:7      | Reached XP level 10. HP: 66/77 MP: 0/0
  6977 | D:7      | Found a basalt altar of Yredelemnul.
  6979 | D:7      | Found a hide-covered altar of Uskayaw.
  6984 | D:7      | Found a bloodstained altar of Trog.
  7255 | D:8      | Reached skill level 8 in Fighting
  7769 | D:8      | Reached ** piety under Ashenzari
  8051 | D:8      | Found a sparkling altar of Nemelex Xobeh.
  8144 | D:9      | Reached skill level 10 in Spellcasting
  8174 | D:9      | Noticed a cyclops
  8181 | D:9      | Killed a cyclops
  8182 | D:9      | Reached skill level 9 in Fighting
  8216 | D:9      | Noticed a two-headed ogre
  8220 | D:9      | Killed a two-headed ogre
  8221 | D:9      | Reached XP level 11. HP: 67/89 MP: 0/0
  8221 | D:9      | Learned a level 5 spell: Arcjolt
  8318 | D:9      | Found a staircase to the Lair.
  8724 | D:9      | Reached skill level 10 in Fighting
  8880 | D:9      | Noticed a fire dragon
  8890 | D:9      | Killed a fire dragon
  9120 | D:9      | Identified the +1 scimitar "Taakut" {heavy, rF+ rC+ Dex+3}
  9254 | D:9      | Found a burning altar of Makhleb.
  9918 | D:10     | Upgraded the game from 0.30-a0-723-gc1506a1cf0 to
                  | 0.30-a0-726-gd89dcf765f
  9918 | D:10     | magus.rc [v1.9.6]
 10113 | D:10     | Reached skill level 1 in Armour
 10116 | D:10     | Reached skill level 2 in Stealth
 10119 | D:10     | Reached skill level 11 in Spellcasting
 10351 | D:10     | Identified the +10 trident of the Cursing Augurer {vamp,
                  | Dex+3}
 10805 | D:11     | Reached skill level 3 in Dodging
 10944 | D:11     | Noticed a wizard
 10953 | D:11     | Killed a wizard
 10954 | D:11     | Reached skill level 11 in Fighting
 10954 | D:11     | Reached skill level 2 in Armour
 11174 | D:11     | Noticed Snorg
 11184 | D:11     | Reached XP level 12. HP: 43/94 MP: 0/0
 11201 | D:11     | Killed Snorg
 11202 | D:11     | Reached skill level 3 in Stealth
 11205 | D:11     | HP: 3/94 [spore (28)]
 11501 | D:11     | Noticed Lodul
 11512 | D:11     | Killed Lodul
 11513 | D:11     | Reached skill level 4 in Dodging
 11611 | D:11     | Noticed a two-headed ogre
 11615 | D:11     | Killed a two-headed ogre
 11616 | D:11     | Reached skill level 3 in Armour
 11703 | D:11     | Noticed Psyche
 11713 | D:11     | Killed Psyche
 11766 | D:11     | Found a staircase to the Orcish Mines.
 12050 | D:11     | Noticed a boulder beetle
 12289 | D:11     | Killed a boulder beetle
 12739 | D:12     | Noticed Fannar
 12766 | D:12     | HP: 21/95 [Fannar/bolt of cold (27)]
 12767 | D:12     | HP: 1/95 [Fannar/+0 quarterstaff of freezing (20)]
 12780 | D:12     | Killed from afar by Fannar

Vanquished Creatures
  Snorg (D:11)
  A fire dragon (D:9)
  2 two-headed ogres
  A boulder beetle (D:11)
  Lodul (D:11)
  A wizard (D:11)
  Pikel (D:5)
  A cyclops (D:9)
  2 centaur zombies (D:12)
  Maggie (D:6)
  A komodo dragon (D:11)
  A troll (D:9)
  2 hornets
  3 wraiths
  3 shadows
  10 yaks
  4 steam dragons
  3 wargs (D:9)
  A water moccasin (D:6)
  Duvessa (D:6)
  A black bear (D:8)
  5 orc warriors
  A sky beast (D:7)
  An ice beast (D:8)
  5 ogres
  4 centaurs
  A lemure (D:5)
  A kobold brigand (D:10)
  A bullfrog (D:7)
  A gnoll sergeant (D:9)
  4 necrophages
  A scorpion (D:6)
  11 wights
  Dowan (D:6)
  22 killer bees
  An electric eel (D:9)
  A lava snake (D:7)
  A jelly (D:8)
  An orc priest (D:9)
  An iron imp (D:6)
  An iguana (D:7)
  7 orc wizards
  7 gnolls
  6 adders
  2 worms (D:2)
  2 dart slugs
  30 orcs
  3 ball pythons (D:2)
  5 endoplasms
  5 giant cockroaches
  11 goblins
  10 hobgoblins
  8 jackals
  3 quokkas
  4 bats
  4 frilled lizards
  12 kobolds
  5 rats
231 creatures vanquished.

Vanquished Creatures (collateral kills)
  Psyche (D:11)
  5 yaks
  An acid dragon (D:11)
  3 ogres
  3 centaurs
  2 killer bees
  A gnoll (D:5)
  17 orcs
  3 goblins (D:7)
  A kobold (D:10)
37 creatures vanquished.

Vanquished Creatures (others)
  A wraith (D:12)
  139 fulminant prisms
140 creatures vanquished.

Grand Total: 408 creatures vanquished

Table legend:
 A = Non-vault XP
 B = Vault XP
 C = Vault XP percentage of total XP
 D = Non-vault monster count
 E = Vault monster count
 F = Vault count percentage of total count
                 A         B        C        D         E       F
            +---------+---------+-------+---------+---------+-------
      Total |   15115 |    7935 |  34.4 |     202 |      66 |  24.6
            +---------+---------+-------+---------+---------+-------
        D:1 |      11 |       0 |   0.0 |       8 |       0 |   0.0
        D:2 |      45 |      22 |  32.8 |      22 |       5 |  18.5
        D:3 |      78 |       0 |   0.0 |      23 |       0 |   0.0
        D:4 |      96 |       2 |   2.0 |      20 |       1 |   4.8
        D:5 |     241 |     685 |  74.0 |       5 |       1 |  16.7
        D:6 |     336 |     656 |  66.1 |       7 |       4 |  36.4
        D:7 |    1389 |     143 |   9.3 |      20 |       5 |  20.0
        D:8 |     889 |     343 |  27.8 |      13 |       3 |  18.8
        D:9 |    3369 |    1589 |  32.0 |      25 |      10 |  28.6
       D:10 |    2242 |       0 |   0.0 |      25 |       0 |   0.0
       D:11 |    5790 |    2746 |  32.2 |      31 |      16 |  34.0
       D:12 |     629 |    1175 |  65.1 |       3 |       3 |  50.0
     Bailey |       0 |     574 | 100.0 |       0 |      18 | 100.0
            +---------+---------+-------+---------+---------+-------

Illustrated notes

Table legend:
 A = Kills in this place as a percentage of kills in entire the game.
 B = Kills by you in this place as a percentage of kills by you in the entire game.
 C = Kills by friends in this place as a percentage of kills by friends in the entire game.
 D = Other kills in this place as a percentage of other kills in the entire game.
 E = Experience gained in this place as a percentage of experience gained in the entire game.
 F = Experience gained in this place divided by the number of levels of this place that you have seen.
                   A       B       C       D       E      F
               +-------+-------+-------+-------+-------+----------------------
         Total | 100.0 | 100.0 | 100.0 | 100.0 | 100.0 | 1646.4
       Dungeon |  93.3 |  95.7 |  78.4 | 100.0 |  97.5 | 1873.0
        Bailey |   6.7 |   4.3 |  21.6 |   0.0 |   2.5 | 574.0
               +-------+-------+-------+-------+-------+----------------------

Table legend: (Time is in decaauts)
 A = Elapsed time spent in this place.
 B = Non-inter-level travel time spent in this place.
 C = Inter-level travel time spent in this place.
 D = Time resting spent in this place.
 E = Time spent auto-exploring this place.
 F = Levels seen in this place.
 G = Mean time per level.
                   A        B        C        D        E       F      G
               +--------+--------+--------+--------+--------+-----+--------+
         Total |  12775 |  12370 |    405 |   2942 |   7513 |  14 |  912.5 |
       Dungeon |  12150 |  11781 |    369 |   2769 |   7350 |  12 | 1012.5 |
        Temple |    111 |     75 |     36 |      0 |     65 |   1 |  111.0 |
        Bailey |    512 |    512 |      0 |    173 |     98 |   1 |  512.0 |
               +--------+--------+--------+--------+--------+-----+--------+

Top non-repeatable levels by time:
    D:10: 1920 daAuts
     D:9: 1455 daAuts
    D:11: 1238 daAuts
     D:7: 1198 daAuts
     D:8: 1037 daAuts
     D:2: 997 daAuts
     D:6: 990 daAuts
     D:5: 943 daAuts
     D:3: 800 daAuts
     D:4: 787 daAuts
  Bailey: 512 daAuts
     D:1: 475 daAuts
    D:12: 305 daAuts
  Temple: 111 daAuts
